 Dungeon Crawl Stone Soup version 0.28.0-62-gf88900778d (webtiles) character file.

Game seed: 55158948328118170

86 browni3141 the Vexing (level 4, 0/49 HPs)
             Began as a Human Enchanter on Feb 26, 2023.
             Succumbed to an adder's poison
             ... on level 2 of the Dungeon.
             The game lasted 00:03:04 (1646 turns).

browni3141 the Vexing (Human Enchanter)             Turns: 1646, Time: 00:03:05

Health: 0/49       AC:  5    Str:  8    XL:     4   Next: 78%
Magic:  7/7        EV: 12    Int: 18    God:
Gold:   45         SH:  0    Dex: 13    Spells: 2/7 levels left

rFire   . . .      SeeInvis .   a - +1 dagger
rCold   . . .      Faith    .   (no shield)
rNeg    . . .      Spirit   .   b - +0 robe
rPois   .          Reflect  .   i - +2 hat
rElec   .          Harm     .   (no cloak)
rCorr   .          Rampage  .   d - +0 pair of gloves
Will    .....                   (no boots)
Stlth   ..........              (no amulet)
HPRegen 0.16/turn               (no ring)
MPRegen 0.10/turn               (no ring)

@: berserking (expiring), lethally poisoned (0 -> -1), invisible, very quick
A: no striking features
a: no special abilities


You were on level 2 of the Dungeon.
You visited 1 branch of the dungeon, and saw 2 of its levels.

You collected 45 gold pieces.


   Skills:
 * Level 2.0 Fighting
 - Level 1.0 Short Blades
 - Level 2.0 Dodging
 - Level 3.0 Stealth
 - Level 2.0 Spellcasting
 - Level 4.0 Hexes
 - Level 2.0 Ice Magic


You had 2 spell levels left.
You knew the following spells:

 Your Spells              Type           Power      Damage    Failure   Level
d - Tukima's Dance        Hex            16%        N/A       11%         3
z - Ensorcelled Hibernat  Hex/Ice        24%        N/A       8%          2

Your spell library contained the following spells:

 Spells                   Type           Power      Damage    Failure   Level
 Confusing Touch          Hex            16%        N/A       11%         3
 Dazzling Flash           Conj/Hex       18%        N/A       24%         3

Inventory:

Hand Weapons
 a - a +1 dagger (weapon)
Armour
 b - a +0 robe (worn)
 d - a +0 pair of gloves (worn)
 i - a +2 hat (worn)
Scrolls
 h - 3 scrolls of identify {unknown}
Potions
 c - a potion of invisibility
 e - a potion of curing {unknown}
 f - a potion of resistance {unknown}
 g - a potion of berserk rage {!q}
 j - a potion of lignification {unknown}

Dungeon Overview and Level Annotations

Branches:
Dungeon (2/15)

Altars:

.....### ...### ######......
.......## #....####...........
.......##. ##...................
.#....>...###....................
..g#.####........................
.##....................###.......
...<##.................# #..@....
###..#.......<.........# ##......
...#............@......#####.....
.................).).............
...............?......##...##....
.######...#.....(.†........# ....
.. ......................# ....
### #...#.##.)........>.....####
.# .# ..#...............### .#
#...............# .#
...........##.....


There were no monsters in sight!


Message History

You puncture Terence!
You kill Terence!
The bat closely misses you.
You have reached level 4!
You feel clever.
You puncture the hobgoblin!
You kill the hobgoblin!
* * * LOW HITPOINT WARNING * * *
You feel sick. The bat closely misses you.
Training target 4.0 for Hexes reached!
Your Hexes skill increases to level 4!
You need to enable at least one skill for training.
Unknown command.
You puncture the bat!
You kill the bat!
* * * LOW HITPOINT WARNING * * *
You feel sick.
You hit Jessica.
You kill Jessica!
* * * LOW HITPOINT WARNING * * *
You feel sick.
Your Fighting skill increases to level 2!
Unknown command.
You are too berserk!
Unknown command.
Things that are here:
a +0 club; a +0 robe Unknown command.
You feel a strong urge to attack something.
You die...

Skill      XL: |  1  2  3  4 |
---------------+-------------+-----
Fighting       | 1 2 |  2.0
Ice Magic      | 2 |  2.0
Hexes          | 4 |  4.0
Short Blades   | |  1.0
Dodging        | |  2.0
Stealth        | |  3.0
Spellcasting   | |  2.0

Action                   |  1- 3 |  4- 6 || total
-------------------------+-------+-------++-------
Melee: Dagger            |   113 |     3 ||   116
 Cast: Ensorcelled Hiber |     9 |       ||     9
  Use: Potion            |     2 |       ||     2
 Stab: Sleeping          |     7 |       ||     7
Armor: Robe              |    60 |       ||    60
Dodge: Dodged            |   114 |     1 ||   115

Levels and vault maps discovered:
D:1:      ncdulo_wetmaze, layout_basic, minmay_hexomino_u4
D:2:      layout_rooms, basic_ecumenical_altar, uniq_terence, uniq_jessica

Notes
Turn   | Place    | Note
-------+----------+-------------------------------------------
     0 | D:1      | browni3141 the Human Enchanter began the quest for the Orb.
     0 | D:1      | Reached XP level 1. HP: 13/13 MP: 3/3
   238 | D:1      | Reached skill level 1 in Fighting
   332 | D:1      | Reached XP level 2. HP: 19/21 MP: 5/5
   339 | D:1      | Reached skill level 1 in Ice Magic
   343 | D:1      | Learned a level 2 spell: Ensorcelled Hibernation
  1435 | D:2      | Noticed Terence
  1479 | D:1      | Reached skill level 2 in Ice Magic
  1479 | D:1      | Reached XP level 3. HP: 20/26 MP: 2/6
  1548 | D:1      | Learned a level 3 spell: Tukima's Dance
  1618 | D:2      | Noticed Jessica
  1639 | D:2      | HP: 3/39 [poisoned by an adder]
  1640 | D:2      | Killed Terence
  1641 | D:2      | Reached XP level 4. HP: 4/32 MP: 7/7
  1642 | D:2      | Reached skill level 4 in Hexes
  1644 | D:2      | Killed Jessica
  1644 | D:2      | HP: 1/48 [poisoned by an adder]
  1645 | D:2      | Reached skill level 2 in Fighting
  1646 | D:2      | Succumbed to an adder's poison

Vanquished Creatures
  Jessica (D:2)
  Terence (D:2)
  An adder (D:2)
  An orc (D:1)
  4 ball pythons
  2 endoplasms
  A giant cockroach (D:1)
  4 goblins
  4 hobgoblins
  3 bats
  2 frilled lizards (D:1)
  2 rats (D:1)
26 creatures vanquished.

Vanquished Creatures (others)
  A hobgoblin (D:2)
1 creature vanquished.

Grand Total: 27 creatures vanquished

Table legend: (Time is in decaauts)
 A = Elapsed time spent in this place.
 B = Non-inter-level travel time spent in this place.
 C = Inter-level travel time spent in this place.
 D = Time resting spent in this place.
 E = Time spent auto-exploring this place.
 F = Levels seen in this place.
 G = Mean time per level.
                   A        B        C        D        E       F      G
               +--------+--------+--------+--------+--------+-----+--------+
         Total |   1643 |   1606 |     37 |    383 |    892 |   2 |  821.5 |
       Dungeon |   1643 |   1606 |     37 |    383 |    892 |   2 |  821.5 |
               +--------+--------+--------+--------+--------+-----+--------+

Top non-repeatable levels by time:
     D:1: 1501 daAuts
     D:2: 142 daAuts

Table legend:
 A = Non-vault XP
 B = Vault XP
 C = Vault XP percentage of total XP
 D = Non-vault monster count
 E = Vault monster count
 F = Vault count percentage of total count
                 A         B        C        D         E       F
            +---------+---------+-------+---------+---------+-------
      Total |      47 |      77 |  62.1 |      21 |       5 |  19.2
            +---------+---------+-------+---------+---------+-------
        D:1 |      26 |       4 |  13.3 |      15 |       3 |  16.7
        D:2 |      21 |      73 |  77.7 |       6 |       2 |  25.0
            +---------+---------+-------+---------+---------+-------
